 Dungeon Crawl Stone Soup version 0.28.0-53-g5a82cb258f (webtiles) character file.

Game seed: 1264871063275978926

138 Nyth the Skirmisher (level 5, -3/48 HPs)
             Began as a Minotaur Berserker on Aug 12, 2022.
             Was a Believer of Trog.
             Killed by nerve-wracking pain
             ... invoked by Grinder
              (7 damage)
             ... on level 3 of the Dungeon.
             The game lasted 00:03:46 (2990 turns).

Nyth the Skirmisher (Minotaur Berserker)            Turns: 2990, Time: 00:03:47

Health: -3/48      AC:  6    Str: 21    XL:     5   Next: 1%
Magic:  4/4        EV: 10    Int:  4    God:    Trog [**....]
Gold:   120        SH:  0    Dex: 12    Spells: 4/4 levels left

rFire   . . .      SeeInvis +   a - +0 mace
rCold   . . .      Faith    .   (no shield)
rNeg    . . .      Spirit   .   g - +0 scale mail
rPois   .          Reflect  .   (helmet restricted)
rElec   .          Harm     .   (no cloak)
rCorr   .          Rampage  .   (no gloves)
Will    .....                   (no boots)
Stlth   ..........              (no amulet)
HPRegen 0.16/turn               c - ring of see invisible
MPRegen 0.09/turn               (no ring)

@: on berserk cooldown, slowed, very slow
A: horns 2, retaliatory headbutt
a: Renounce Religion, Berserk, Trog's Hand


You were on level 3 of the Dungeon.
You worshipped Trog.
Trog was pleased with you.
You visited 1 branch of the dungeon, and saw 3 of its levels.

You collected 120 gold pieces.

Inventory:

Hand Weapons
 a - a +0 mace (weapon)
Armour
 g - a +0 scale mail (worn)
Jewellery
 b - a ring of willpower
 c - a ring of see invisible (left hand)
Scrolls
 d - a scroll of blinking {unknown}
 e - a scroll of magic mapping {unknown}
 j - a scroll of fog {unknown}
 m - a scroll of identify {unknown}
Potions
 f - a potion of magic {unknown}
 h - a potion of invisibility {unknown}
 k - a potion of flight {unknown}
 l - a potion of might {unknown}


   Skills:
 + Level 5.1 Fighting
 + Level 5.0 Maces & Flails
 + Level 3.1 Armour
 + Level 3.0 Dodging
 + Level 0.2 Stealth


You had 4 spell levels left.
You didn't know any spells.
Your spell library contained the following spells:

 Spells                   Type           Power      Damage    Failure   Level
 Summon Small Mammal      Summ           0%         N/A       83%         1
 Call Canine Familiar     Summ           0%         N/A       99%         3
 Summon Guardian Golem    Hex/Summ       0%         N/A       99%         3


Dungeon Overview and Level Annotations

Branches:
Dungeon (3/15)

Altars:

Annotations:
D:3 Grinder


Innate Abilities, Weirdness & Mutations

You have a pair of horns on your head.
You reflexively headbutt those who attack you in melee.


Message History

Grinder gestures at you. Pain shoots through your body!
Grinder hits you but does no damage.
Grinder blinks!
You can move again.
You sock Grinder!
Grinder is severely wounded.
Grinder hits you.
You writhe in agony.
You are too injured to fight recklessly!
You are too injured to fight recklessly!
You are too injured to fight recklessly!
Unknown command.
You are too injured to fight recklessly!
Unknown command.
You are too injured to fight recklessly!
You are too injured to fight recklessly!
You are too injured to fight recklessly!
You hit Grinder.
Grinder is severely wounded.
You are no longer berserk.
You are exhausted.
You feel yourself slow down.
Grinder says, "I used to sell toenails on the black market."
Grinder hits you.
You writhe in agony.
* * * LOW HITPOINT WARNING * * *
You feel better. Grinder hits you.
You writhe in agony.
Grinder hits you. x2
You writhe in agony.
* * * LOW HITPOINT WARNING * * *
You sock Grinder!
Grinder is almost dead.
Grinder gestures at you. Pain shoots through your body!
* * * LOW HITPOINT WARNING * * *
Grinder hits you.
* * * LOW HITPOINT WARNING * * *
You hit Grinder but do no damage.
Grinder is almost dead.
Grinder barely misses you. Grinder gestures at you.
Pain shoots through your body!
You die...

#.#######..##.#
#.........###.####
####..†.## #....
#...## #..#
#..######..####.#
#>..............#
##.######..#######.
#.# #..#....... #.#
#..@5......
#...........######
########.#### #>.
###


You could see Grinder (fast).

Vanquished Creatures
  Terence (D:3)
  Jessica (D:2)
  3 adders (D:2)
  2 worms
  2 dart slugs
  5 ball pythons
  3 endoplasms
  3 giant cockroaches
  11 goblins
  4 hobgoblins
  2 jackals (D:1)
  2 quokkas
  2 bats
  4 frilled lizards
  A kobold (D:2)
  2 rats (D:3)
48 creatures vanquished.

Notes
Turn   | Place    | Note
-------+----------+-------------------------------------------
     0 | D:1      | Nyth the Minotaur Berserker began the quest for the Orb.
     0 | D:1      | Reached XP level 1. HP: 19/19 MP: 0/0
   496 | D:1      | Reached XP level 2. HP: 25/27 MP: 1/1
  1344 | D:2      | Reached XP level 3. HP: 33/33 MP: 2/2
  1587 | D:2      | Reached ** piety under Trog
  1788 | D:2      | Reached XP level 4. HP: 35/41 MP: 3/3
  1841 | D:2      | Noticed Jessica
  1850 | D:2      | Killed Jessica
  2762 | D:3      | Noticed Terence
  2770 | D:3      | Killed Terence
  2771 | D:3      | Reached skill level 5 in Fighting
  2901 | D:3      | Reached XP level 5. HP: 42/48 MP: 4/4
  2955 | D:3      | Reached skill level 5 in Maces & Flails
  2964 | D:3      | Noticed Grinder
  2965 | D:3      | Paralysed by Grinder for 7 turns
  2978 | D:3      | Paralysed by Grinder for 6 turns
  2990 | D:3      | Killed from afar by Grinder

Illustrated notes

Levels and vault maps discovered:
D:1:      matt_arrival_spirals, layout_loops_cross,
          chequers_serial_rivers_small_b
D:2:      layout_basic, minmay_tiny_reverse_x, uniq_jessica
D:3:      minmay_goblin_kobold_castle, layout_loops_ring, uniq_terence,
          uniq_grinder, uniq_robin

Skill      XL: |  1  2  3  4  5 |
---------------+----------------+-----
Fighting       | 4 5 |  5.1
Maces & Flails | 4 5 |  5.0
Dodging        | 3 |  3.0
Armour         | 3 |  3.1
Stealth        | |  0.2

Action                   |  1- 3 |  4- 6 || total
-------------------------+-------+-------++-------
Melee: Mace              |    82 |    43 ||   125
       Headbutt          |     8 |     4 ||    12
       Punch             |     1 |       ||     1
Invok: Berserk           |     2 |     4 ||     6
  Use: Potion            |       |     1 ||     1
Armor: Animal skin       |    11 |       ||    11
       Scale mail        |    24 |    18 ||    42
Dodge: Dodged            |    32 |    31 ||    63
